 Dungeon Sprint DCSS version 0.19-a0-78-g674c7a4 (webtiles) character file.

59315 Kidiri the Unseen (level 13, -4/75 HPs)
             Began as a Spriggan Enchanter on May 13, 2016.
             Was the Champion of Dithmenos.
             Slain by Frances
             ... wielding a +2 war axe of holy wrath
              (29 damage)
             ... in the Dungeon (Sprint III: "The Ten Rune Challenge").
             The game lasted 00:18:37 (4422 turns).

Kidiri the Unseen (Spriggan Enchanter)              Turns: 4422, Time: 00:18:39

Health: -4/75      AC:  6    Str:  4    XL:     13   Next: 25%
Magic:  15/34      EV: 37    Int: 21    God:    Dithmenos [******]
Gold:   56         SH:  0    Dex: 22    Spells: 7 memorised, 24 levels left

rFire  + . .     SeeInvis +     a - +1 dagger
rCold  + . .     Gourm    .     s - +2 robe {rC+ rF+}
rNeg   . . .     Faith    .     (shield restricted)
rPois  .         Spirit   .     c - +1 hat {Int+3}
rElec  .         Dismiss  .     l - +0 cloak
rCorr  .         Reflect  .     (gloves unavailable)
SustAt .         Harm     .     (boots unavailable)
MR     +++..     NoTele   +     (no amulet)
Stlth  ++++++++++               (no ring)
                                (no ring)

@: lethally poisoned (-4 -> -6), slowed, wreathed by umbra, quick, extremely
resistant to hostile enchantments, uncannily stealthy
A: unfitting armour, thin skeletal structure 1, see invisible, agile 1, deformed
body, dopey 1, herbivore 3, speed 3, magic resistance 1, robust 1, slow
metabolism 2
a: Shadow Step, Shadow Form, Renounce Religion
}: 2/10 runes: decaying, barnacled


You were in the Dungeon.
You worshipped Dithmenos.
Dithmenos was exalted by your worship.
You were not hungry.

You visited 1 branch You collected 56 gold pieces.

Inventory:

Hand Weapons
 a - a +1 dagger (weapon)
Armour
 c - a +1 hat of intelligence (worn)
 l - a +0 cloak (worn)
 s - a +2 robe of resistance (worn)
Scrolls
 j - a scroll of blinking
 n - 2 scrolls of torment
 p - 2 scrolls of remove curse {unknown}
Potions
 e - 2 potions of curing
 g - 2 potions of haste
 h - a potion of berserk rage
 i - 2 potions of magic
 k - a potion of lignification
 o - 3 potions of might
 q - 3 potions of cure mutation {unknown}
 r - 3 potions of flight
Books
 m - a book of Conjurations

   Spells                             Type                      Level
   a - Magic Dart                     Conjuration                  1
   b - Searing Ray                    Conjuration                  2
   c - Dazzling Spray                 Conjuration/Hexes            3
   d - Fulminant Prism                Conjuration/Hexes            4
   e - Iskenderun's Mystic Blast      Conjuration                  4
   f - Iskenderun's Battlesphere      Conjuration/Charms           5
Comestibles
 b - 26 royal jellies
 d - 2 bread rations


   Skills:
 + Level 8.6 Fighting
 * Level 15.2 Short Blades
 + Level 7.9 Armour
 * Level 19.0 Dodging
 * Level 20.6 Stealth
 * Level 16.3 Spellcasting
 + Level 7.7 Conjurations
 + Level 12.5 Hexes
 + Level 8.4 Ice Magic
 - Level 3.1 Invocations


You had 24 spell levels left.
You knew the following spells:

 Your Spells              Type           Power        Failure   Level  Hunger
a - Corona                Hex            ######.      1%          1    None
b - Ensorcelled Hibernat  Hex/Ice        ######       1%          2    None
c - Confuse               Hex            ######..     1%          3    None
d - Tukima's Dance        Hex            ######..     1%          3    None
e - Dazzling Spray        Conj/Hex       ######       1%          3    None
f - Fulminant Prism       Conj/Hex       ######....   1%          4    None
g - Iskenderun's Mystic   Conj           #####...     1%          4    None


Dungeon Overview and Level Annotations

Branches:
Dungeon (1/1)

Altars:
Cheibriados
Dithmenos
Elyvilon
Fedhas
Gozag
Kikubaaqudgha
Makhleb
Nemelex Xobeh
Okawaru
Pakellas
Qazlal
Ru
Sif Muna
Trog
Vehumet
Xom
Yredelemnul
Zin
The Shining One
Jiyva
Lugonu

Shops:
D ![=(:!

Annotations:
D exclusion: 2 doors, Frances


Innate Abilities, Weirdness & Mutations

You are tiny and cannot use many weapons and most armour.
You have supernaturally acute eyesight.
You are a herbivore.
You cover ground extremely quickly.
You need consume almost no food.
You have a somewhat thin skeletal structure (Dex +2, Stealth).
You are agile. (Dex +2)
Armour fits poorly on your strangely shaped body.
You are dopey. (Int -2)
You are resistant to hostile enchantments.
You are robust (+10% HP).


Message History

The curare-tipped needle completely misses you.
The ynoxinul gestures.
The hellwing swoops through the air toward you!
The hellwing completely misses you. x2
You open the door.
You feel sick. The ice devil completely misses you.
The hellwing barely misses you. The hellwing completely misses you.
Unknown command.
Casting: Dazzling Spray
Confirm with . or Enter, or press ? or * to list all spells.
Aiming: Dazzling Spray
Press: ? - help, Shift-Dir - straight line, f - Frances
Aim: Frances, wielding a blowgun (black smoke, lightly wounded, umbra)
The spray of energy hits Frances.
Frances is lightly wounded.
The hellwing hits you!
You emit a cloud of dark smoke.
The hellwing completely misses you.
Frances unwields an uncursed blowgun.
Frances wields an uncursed war axe of holy wrath.
It softly glows with a divine radiance!
Frances hits you with an uncursed war axe of holy wrath!!
You die...

'#
.#+###########################
.#..§§§§§#.'...+.#.#.#.+...≈≈#
.#.#§§§#.#.#...##.#.#.##...≈≈###
.'.#§§§#.#.#...#.#.#.#.#...≈≈≈≈#
.#.#§[§#...#)..##.#.#.##...≈≈≈≈#
▓▓▓▓▓▓▓▓▓▓▓▓▓▓▓#.#.#.#.#.......#
≈........≈≈≈...##4#§#.##.......#
≈≈≈≈≈≈≈≈≈≈≈♣♣P.§@#§#.#.#.......#
♣♣♣♣♣♣♣♣♣♣♣♣♣PP##@#.#.##########
♣♣♣##4##### ♣♣♣♣♣♣♣♣♣♣♣♣♣


355 ..##≈≈≈≈≈≈..# #...# ##.#≈≈≈≈≈...# #5..# #.##+≈≈≈≈≈####+#####
#...#≈≈.....§§§# ##.)#≈..+####### You could see Frances, a hellwing, an ice
devil and 2 ufetubi.

Vanquished Creatures
  Rupert (D)
  Polyphemus (D)
  Gastronok (D)
  Ilsuiw (D)
  Maud (D)
  Wiglaf (D)
  2 dire elephants (D)
  A merfolk javelineer (D)
  5 ice dragons (D)
  3 hydras (D)
  Erica (D)
  A centaur warrior (D)
  4 death yaks (D)
  A death drake (D)
  A sea snake (D)
  An unseen horror (D)
  A lindwurm (D)
  A spriggan druid (D)
  A deep elf mage (D)
  2 elephants (D)
  2 black mambas (D)
  2 spiny frogs (D)
  A rime drake (D)
  A komodo dragon (D)
  2 giant leeches (D)
  A queen bee (D)
  3 wandering mushrooms (D)
  8 blink frogs (D)
  2 spriggans (D)
  3 redbacks (D)
  A shadow (D)
  A spatial vortex (D)
  A hydra simulacrum (D)
  A swamp drake (D)
  A necrophage (D)
  2 centaurs (D)
  An earth elemental (D)
  A water elemental (D)
  32 killer bees (D)
  An electric eel (D)
  A jelly (D)
  A wizard (D)
  Crazy Yiuf (D)
  A necromancer (D)
  3 sheep (D)
  3 humans (D)
  A kobold demonologist (D)
  2 swamp drake simulacra (D)
  An ooze (D)
  3 rats (D)
  A plant (D)
116 creatures vanquished.

Vanquished Creatures (others)
  2 draconian scorchers (D)
  2 yaktaurs (D)
  3 fulminant prisms (D)
  8 plants (D)
15 creatures vanquished.

Grand Total: 131 creatures vanquished

Notes
Turn   | Place    | Note
--------------------------------------------------------------
     0 | D        | Kidiri the Spriggan Enchanter began the quest for the Orb.
     0 | D        | Reached XP level 1. HP: 9/9 MP: 5/5
    44 | D        | Killed a yaktaur
    54 | D        | Noticed Crazy Yiuf
    57 | D        | Killed Crazy Yiuf
    57 | D        | Reached skill level 1 in Fighting
    57 | D        | Reached skill level 5 in Stealth
    57 | D        | Reached XP level 2. HP: 14/14 MP: 6/8
    57 | D        | Reached XP level 3. HP: 18/18 MP: 6/9
    76 | D        | Learned a level 2 spell: Ensorcelled Hibernation
    80 | D        | Learned a level 3 spell: Confuse
    84 | D        | Learned a level 3 spell: Dazzling Spray
   219 | D        | Killed a white draconian scorcher
   229 | D        | Killed a white draconian scorcher
   306 | D        | Reached skill level 1 in Armour
   306 | D        | Reached skill level 5 in Dodging
   306 | D        | Reached skill level 6 in Stealth
   343 | D        | Gained mutation: You are resistant to hostile enchantments. [potion of mutation]
   343 | D        | Gained mutation: You are agile. (Dex +2) [potion of mutation]
   343 | D        | Gained mutation: You are robust (+10% HP). [potion of mutation]
   344 | D        | Gained mutation: You have a somewhat thin skeletal structure (Dex +2, Stealth). [potion of mutation]
   344 | D        | Gained mutation: Armour fits poorly on your strangely shaped body. [potion of mutation]
   344 | D        | Gained mutation: You are dopey. (Int -2) [potion of mutation]
   352 | D        | Noticed a water elemental
   387 | D        | Killed a water elemental
   387 | D        | Reached skill level 7 in Stealth
   387 | D        | Reached skill level 5 in Spellcasting
   387 | D        | Reached skill level 1 in Conjurations
   387 | D        | Reached skill level 1 in Ice Magic
   387 | D        | Reached XP level 4. HP: 12/25 MP: 3/12
   419 | D        | Killed a yaktaur
   425 | D        | Learned a level 3 spell: Tukima's Dance
   605 | D        | Noticed a shadow
   607 | D        | Killed a shadow
   607 | D        | Reached skill level 5 in Short Blades
   607 | D        | Reached skill level 8 in Stealth
   607 | D        | Reached skill level 5 in Hexes
   607 | D        | Reached XP level 5. HP: 29/29 MP: 13/15
   611 | D        | Reached skill level 9 in Stealth
   611 | D        | Reached XP level 6. HP: 35/35 MP: 13/16
   630 | D        | Found an oddly glowing altar of Pakellas.
   630 | D        | Found a stormy altar of Qazlal.
   631 | D        | Found a sacrificial altar of Ru.
   631 | D        | Found a burning altar of Makhleb.
   631 | D        | Found a viscous altar of Jiyva.
   631 | D        | Found a shimmering altar of Xom.
   631 | D        | Found a shadowy altar of Dithmenos.
   631 | D        | Found a sparkling altar of Nemelex Xobeh.
   631 | D        | Found a corrupted altar of Lugonu.
   631 | D        | Found an opulent altar of Gozag.
   631 | D        | Noticed a spatial vortex
   635 | D        | Became a worshipper of Dithmenos the Shadowed
   637 | D        | Killed a spatial vortex
   637 | D        | Reached skill level 1 in Invocations
   667 | D        | Found a radiant altar of Vehumet.
   668 | D        | Found a deep blue altar of Sif Muna.
   668 | D        | Found an ancient bone altar of Kikubaaqudgha.
   671 | D        | Reached * piety under Dithmenos
   690 | D        | Found a glowing silver altar of Zin.
   691 | D        | Found a glowing golden altar of the Shining One.
   691 | D        | Found a white marble altar of Elyvilon.
   691 | D        | Noticed a deep elf mage
   693 | D        | Killed a deep elf mage
   693 | D        | Reached skill level 10 in Stealth
   693 | D        | Reached XP level 7. HP: 39/39 MP: 18/20
   704 | D        | Found an iron altar of Okawaru.
   705 | D        | Found a bloodstained altar of Trog.
   705 | D        | Noticed a human
   705 | D        | Noticed a human
   707 | D        | Killed a human
   707 | D        | Reached skill level 10 in Dodging
   707 | D        | Reached skill level 11 in Stealth
   708 | D        | Killed a human
   708 | D        | Reached ** piety under Dithmenos
   708 | D        | Reached XP level 8. HP: 46/46 MP: 19/21
   729 | D        | Learned a level 4 spell: Fulminant Prism
   734 | D        | Learned a level 4 spell: Iskenderun's Mystic Blast
   734 | D        | Found a snail-covered altar of Cheibriados.
   735 | D        | Found a basalt altar of Yredelemnul.
   735 | D        | Found a blossoming altar of Fedhas.
   753 | D        | Noticed Erica
   756 | D        | Killed Erica
   756 | D        | Reached skill level 12 in Stealth
   804 | D        | Reached skill level 10 in Spellcasting
   984 | D        | Noticed a centaur warrior
   993 | D        | Reached XP level 9. HP: 33/50 MP: 5/24
   995 | D        | Killed a centaur warrior
   995 | D        | Reached *** piety under Dithmenos
   995 | D        | Reached skill level 13 in Stealth
  1141 | D        | Noticed an unseen horror
  1143 | D        | Killed an unseen horror
  1143 | D        | Reached skill level 5 in Fighting
  1154 | D        | Noticed a queen bee
  1158 | D        | Reached skill level 10 in Short Blades
  1159 | D        | Reached **** piety under Dithmenos
  1379 | D        | Reached skill level 14 in Stealth
  1391 | D        | Killed a queen bee
  1391 | D        | Reached skill level 5 in Ice Magic
  1396 | D        | Reached ***** piety under Dithmenos
  1400 | D        | Reached XP level 10. HP: 56/56 MP: 11/26
  1563 | D        | Reached skill level 5 in Armour
  1567 | D        | Reached ****** piety under Dithmenos
  1971 | D        | Reached skill level 15 in Stealth
  1980 | D        | Reached skill level 5 in Conjurations
  2093 | D        | Noticed a spiny frog
  2093 | D        | Noticed a spiny frog
  2096 | D        | Killed a spiny frog
  2098 | D        | Killed a spiny frog
  2128 | D        | Noticed a lindwurm
  2131 | D        | Killed a lindwurm
  2140 | D        | Noticed Maud
  2142 | D        | Killed Maud
  2142 | D        | Reached skill level 15 in Dodging
  2142 | D        | Reached skill level 16 in Stealth
  2142 | D        | Reached XP level 11. HP: 63/63 MP: 23/28
  2167 | D        | Noticed a seven-headed hydra
  2167 | D        | Noticed a six-headed hydra
  2170 | D        | Killed a seven-headed hydra
  2170 | D        | Reached skill level 10 in Hexes
  2171 | D        | Killed a six-headed hydra
  2213 | D        | Noticed a death drake
  2215 | D        | Killed a death drake
  2236 | D        | Found a blossoming altar of Fedhas.
  2236 | D        | Noticed a spriggan druid
  2240 | D        | Killed a spriggan druid
  2240 | D        | Reached skill level 17 in Stealth
  2302 | D        | Noticed an ice dragon
  2304 | D        | Killed an ice dragon
  2313 | D        | Noticed an ice dragon
  2314 | D        | Found Igaqeb's Antique Weapon Emporium.
  2314 | D        | Found Huirphia's Book Shop.
  2316 | D        | Killed an ice dragon
  2331 | D        | Noticed an ice dragon
  2349 | D        | Found Jitove Osku's Distillery.
  2390 | D        | Killed an ice dragon
  2455 | D        | Noticed an ice dragon
  2734 | D        | Killed an ice dragon
  3019 | D        | Noticed an ice dragon
  3019 | D        | Noticed a six-headed hydra
  3021 | D        | Killed an ice dragon
  3025 | D        | Killed a six-headed hydra
  3025 | D        | Reached skill level 18 in Stealth
  3028 | D        | Got a decaying rune of Zot
  3167 | D        | Reached XP level 12. HP: 69/69 MP: 31/31
  3259 | D        | Noticed Rupert
  3264 | D        | Killed Rupert
  3284 | D        | Noticed a death yak
  3285 | D        | Noticed a death yak
  3286 | D        | Noticed an azure jelly
  3286 | D        | Noticed a death yak
  3286 | D        | Noticed an azure jelly
  3286 | D        | Noticed a death yak
  3287 | D        | Killed a death yak
  3288 | D        | Killed a death yak
  3289 | D        | Reached skill level 19 in Stealth
  3301 | D        | Reached skill level 15 in Spellcasting
  3308 | D        | Killed a death yak
  3471 | D        | Killed a death yak
  3581 | D        | Noticed an azure jelly
  3581 | D        | Noticed an azure jelly
  3607 | D        | Noticed Polyphemus
  3608 | D        | Noticed Ilsuiw
  3609 | D        | Killed Polyphemus
  3648 | D        | Killed Ilsuiw
  3832 | D        | Found Kerhyut's Distillery.
  3833 | D        | Found Vakhliwe's Antique Armour Boutique.
  3854 | D        | Found Siogalig's Jewellery Emporium.
  3855 | D        | Noticed a merfolk javelineer
  3857 | D        | Killed a merfolk javelineer
  3857 | D        | Reached skill level 20 in Stealth
  3870 | D        | Got a barnacled rune of Zot
  3945 | D        | Noticed a dire elephant
  3945 | D        | Noticed a dire elephant
  3945 | D        | Noticed Gastronok
  3980 | D        | Killed a dire elephant
  3980 | D        | Reached XP level 13. HP: 74/74 MP: 18/33
  3987 | D        | Killed Gastronok
  3987 | D        | Reached skill level 15 in Short Blades
  4176 | D        | Killed a dire elephant
  4411 | D        | Noticed Wiglaf
  4411 | D        | Noticed Frances
  4419 | D        | Killed Wiglaf
  4422 | D        | Slain by Frances

Vault maps used:
D:        dungeon_sprint_mu

Skill      XL: |  1  2  3  4  5  6  7  8  9 10 11 12 13 |
---------------+----------------------------------------+-----
Short Blades   | 3 4 5 7 9 10 12 13 14 15 | 15.2
Spellcasting   | 4 5 6 8 10 11 12 14 15 16 | 16.3
Fighting       | 1 2 3 4 5 6 7 8 |  8.6
Dodging        | 4 6 7 9 10 11 13 15 16 18 19 | 19.0
Stealth        | 5 7 8 9 10 11 12 14 16 18 20 | 20.6
Hexes          | 4 5 6 7 8 9 11 12 | 12.5
Armour         | 1 2 3 4 5 6 7 |  7.9
Conjurations   | 1 2 3 4 5 6 7 |  7.7
Ice Magic      | 1 2 3 4 5 6 7 8 |  8.4
Invocations    | 2 3 |  3.1

Action                   |  1- 3 |  4- 6 |  7- 9 | 10-12 | 13-15 || total
-------------------------+-------+-------+-------+-------+-------++-------
Melee: Dagger            |    24 |     6 |    43 |    90 |    93 ||   256
 Cast: Ensorcelled Hiber |     6 |       |    14 |    46 |     7 ||    73
       Dazzling Spray    |     3 |       |    13 |    58 |    13 ||    87
       Corona            |     1 |       |       |       |       ||     1
       Confuse           |       |       |     2 |     3 |       ||     5
       Iskenderun's Myst |       |       |     4 |       |       ||     4
       Fulminant Prism   |       |       |     1 |     1 |     1 ||     3
Invok: Shadow Step       |       |       |       |    13 |       ||    13
  Use: Potion            |     4 |       |     1 |     1 |     1 ||     7
       Scroll            |     3 |       |       |     1 |       ||     4
 Stab: Sleeping          |     5 |     6 |    14 |    61 |     2 ||    88
       Invisible         |       |       |     1 |     7 |     3 ||    11
       Confused          |       |       |     1 |     1 |       ||     2
       Distracted        |       |       |     1 |       |       ||     1
  Eat: Royal jelly       |       |       |       |     1 |       ||     1
       Fruit             |       |       |       |     1 |     5 ||     6
Armor: Robe              |     1 |       |       |     4 |       ||     5
Dodge: Dodged            |    15 |       |    58 |    81 |    17 ||   171
